 Dungeon Crawl Stone Soup version 0.29-a0-330-g52719c12eb (webtiles) character file.

Game seed: 11742174564227618766

1919 tilp the Skirmisher (level 8, 0/70 HPs)
             Began as a White Draconian Hedge Wizard on May 22, 2022.
             Slain by a centaur (3 damage)
             ... on level 6 of the Dungeon.
             The game lasted 00:11:55 (6934 turns).

tilp the Skirmisher (White Draconian Hedge Wizard)  Turns: 6934, Time: 00:11:55

Health: 0/70       AC:  9    Str: 12    XL:     8   Next: 95%
Magic:  14/14      EV: 13    Int: 14    God:
Gold:   241        SH:  0    Dex: 11    Spells: 11/15 levels left

rFire   + + .      SeeInvis +   a - +0 morningstar (venom)
rCold   + + .      Faith    .   (no shield)
rNeg    + . .      Spirit   .   (body armour unavailable)
rPois   +          Reflect  .   p - +0 hat
rElec   .          Harm     .   y - scarf {rC+ rF+}
rCorr   .          Rampage  .   x - +0 pair of gloves
Will    .....                   m - +1 pair of boots
Stlth   ++........              (no amulet)
HPRegen 0.21/turn               s - ring of see invisible
MPRegen 0.14/turn               A - ring of Sueng {rPois rF+ rN+ Int-3 Slay+2}

@: no status effects
A: breathe frost, AC +6, unfitting armour, cold resistance 1, cold-blooded
a: Breathe Frost


You were on level 6 of the Dungeon.
You visited 1 branch of the dungeon, and saw 6 of its levels.

You collected 241 gold pieces.

Inventory:

Hand Weapons
 a - a +0 morningstar of venom (weapon)
 b - a +3 vorpal hunting sling
 u - a +2 dire flail of protection
 B - a +0 glaive
 C - a +0 whip of electrocution
Missiles
 k - 121 stones
 l - 4 poisoned darts (quivered)
 q - 4 javelins
 t - 8 boomerangs
Armour
 m - a +1 pair of boots (worn)
 p - a +0 hat (worn)
 x - a +0 pair of gloves (worn)
 y - a scarf of resistance (worn)
Magical Staves
 j - a staff of cold
Jewellery
 e - a ring of protection from cold
 s - a ring of see invisible (left hand)
 w - a ring of protection from fire
 A - the ring of Sueng (right hand) {rPois rF+ rN+ Int-3 Slay+2}
   (You found it on level 5 of the Dungeon)

   [ring of protection from fire]

   Int:       It affects your intelligence (-3).
   Slay:      It affects your accuracy & damage with ranged weapons and melee
   (+2).
   rF:        It protects you from fire.
   rPois:     It protects you from poison.
   rN:        It protects you from negative energy.
Scrolls
 o - 2 scrolls of amnesia
 D - a scroll of identify
 E - a scroll of fear
 F - a scroll of teleportation
Potions
 c - a potion of magic
 d - a potion of invisibility
 f - 5 potions of curing
 g - 4 potions of brilliance
 h - 3 potions of heal wounds
 i - a potion of flight
 n - a potion of ambrosia
 r - 2 potions of lignification
 v - a potion of might {unknown}
 z - 2 potions of attraction


   Skills:
 - Level 6.0 Fighting
 + Level 3.6 Throwing
 - Level 4.0 Dodging
 - Level 2.0 Stealth
 + Level 4.3 Spellcasting
 + Level 4.5 Conjurations
 - Level 2.0 Hexes
 - Level 1.0 Summonings
 - Level 4.0 Translocations
 + Level 3.1 Evocations


You had 11 spell levels left.
You knew the following spells:

 Your Spells              Type           Power      Damage    Failure   Level
a - Magic Dart            Conj           60%        1d6       2%          1
b - Slow                  Hex            32%        N/A       9%          1
c - Blink                 Tloc           28%        N/A       5%          2

Your spell library contained the following spells:

 Spells                   Type           Power      Damage    Failure   Level
 Lesser Beckoning         Tloc           14%        N/A       11%         3
 Call Imp                 Summ           5%         N/A       19%         2
 Conjure Flame            Conj/Fire      9%         6-21      22%         3
 Corpse Rot               Necr/Air       6%         N/A       28%         2
 Poisonous Vapours        Pois/Air       6%         N/A       28%         2
 Mephitic Cloud           Conj/Pois/Air  7%         N/A       30%         3
 Manifold Assault         Tloc           14%        N/A       69%         5
 Summon Forest            Summ/Tloc      5%         N/A       88%         5
 Summon Mana Viper        Hex/Summ       7%         N/A       95%         5
 Summon Cactus Giant      Summ           2%         N/A       100%        6


Dungeon Overview and Level Annotations

Branches:
Dungeon (6/15)
 Temple: D:4-7

Altars:

Annotations:
D:3 1 runed translucent door, polar bear roaming, Crazy Yiuf, Pargi
D:5 2 runed translucent doors, Eustachio


Innate Abilities, Weirdness & Mutations

You can breathe waves of freezing cold which knock back foes.
Your icy white scales are hard. (AC +6)
You cannot fit into any form of body armour.
Your flesh is cold resistant. (rC+)
You are cold-blooded and may be slowed by cold attacks.


Message History

The howler monkey is heavily wounded.
The howler monkey hits you but does no damage. x2
You hit the howler monkey.
The howler monkey looks as sick as possible!
You tail-slap the howler monkey.
The howler monkey is almost dead.
You kill the howler monkey!
The ogre closely misses you.
You hit the ogre.
The ogre is poisoned.
The ogre is moderately wounded.
The ogre closely misses you.
You barely miss the ogre.
The ogre is moderately wounded.
The ogre barely misses you.
You hit the ogre.
The ogre is moderately wounded.
A centaur comes into view.
The ogre hits you with a +0 giant club!!
You closely miss the ogre.
The ogre is heavily wounded.
The centaur shouts!
You hear an angry hiss.
The ogre hits you with a +0 giant club!
You hit the ogre.
The ogre looks as sick as possible!
The ogre is heavily wounded.
The ogre hits you with a +0 giant club!
* * * LOW HITPOINT WARNING * * *
Unknown command.
You hit the ogre.
The ogre looks as sick as possible!
The ogre is severely wounded.
The ogre hits you with a +0 giant club!
* * * LOW HITPOINT WARNING * * *
Unknown command.
You sock the ogre!
You kill the ogre!
The centaur closely misses you.
The centaur kicks you but does no damage.
Unknown command.
You barely miss the centaur. Your punch misses the centaur.
The centaur misses you. The centaur barely misses you. The centaur hits you.
You die...

≈≈≈≈≈≈≈≈≈≈≈≈≈≈≈≈≈....#....
≈h≈≈≈≈≈≈≈≈≈≈≈≈≈≈≈....#..##
.......!(......P.....#....
.....o.......)..........##
##.....#(#.#######...#.#
#.......#)#... ....<..#.#
#.......#.##########..#.#
#.......#c# ...#.#
#....!###@# ##.##.# ###...
#(# #.. .# #... #[# ## .#
#### #.# #.# #.# #.# #.#
######.#


You could see a centaur.

Vanquished Creatures
  Pikel (D:5)
  A hornet (D:5)
  Edmund (D:6)
  2 ogres
  3 lemures (D:5)
  A phantom (D:6)
  2 scorpions (D:5)
  A necrophage (D:6)
  4 howler monkeys
  4 hounds
  2 gnoll shamans (D:6)
  5 jellies
  Terence (D:3)
  Jessica (D:3)
  An iguana (D:6)
  2 orc wizards
  2 adders
  An ufetubus (D:6)
  2 worms
  A dart slug (D:1)
  19 orcs
  17 endoplasms
  3 giant cockroaches
  12 hobgoblins
  3 quokkas
  12 ball pythons
  6 bats
  4 frilled lizards
  4 goblins
  10 kobolds
  3 rats
131 creatures vanquished.

Vanquished Creatures (others)
  7 fungi (D:4)
  5 toadstools (D:4)
12 creatures vanquished.

Grand Total: 143 creatures vanquished

Notes
Turn   | Place    | Note
-------+----------+-------------------------------------------
     0 | D:1      | tilp the Draconian Hedge Wizard began the quest for the
                  | Orb.
     0 | D:1      | Reached XP level 1. HP: 14/14 MP: 4/4
   436 | D:1      | Reached XP level 2. HP: 22/22 MP: 0/6
   587 | D:1      | Reached skill level 1 in Fighting
  1648 | D:2      | Reached XP level 3. HP: 29/29 MP: 4/7
  1787 | D:2      | Reached skill level 2 in Fighting
  1789 | D:2      | Learned a level 1 spell: Slow
  1792 | D:2      | Learned a level 2 spell: Blink
  2627 | D:3      | Noticed Terence
  2648 | D:3      | Killed Terence
  2649 | D:3      | Reached XP level 4. HP: 11/36 MP: 6/8
  3215 | D:3      | Found a faded altar of an unknown god.
  3219 | D:3      | Noticed Jessica
  3221 | D:3      | Killed Jessica
  3222 | D:3      | Reached skill level 1 in Throwing
  3222 | D:3      | Reached skill level 1 in Hexes
  3222 | D:3      | Reached XP level 5. HP: 42/42 MP: 7/9
  3356 | D:3      | Noticed an ice beast
  3758 | D:3      | Found a runed translucent door.
  3759 | D:3      | Noticed Crazy Yiuf
  4018 | D:3      | Noticed Pargi
  4500 | D:4      | Reached XP level 6. HP: 50/50 MP: 10/10
  4716 | D:4      | Reached skill level 3 in Fighting
  5039 | D:5      | Entered Level 5 of the Dungeon
  5043 | D:5      | Found a large runed translucent door.
  5052 | D:5      | Found a large runed translucent door.
  5058 | D:5      | Identified the ring of Sueng {rPois rF+ rN+ Int-3 Slay+2}
  5079 | D:5      | Noticed Pikel
  5150 | D:5      | Noticed a hornet
  5157 | D:5      | Killed a hornet
  5158 | D:5      | Reached skill level 4 in Fighting
  5158 | D:5      | Your scales start taking on an icy white colour.
  5158 | D:5      | Reached XP level 7. HP: 22/60 MP: 11/11
  5158 | D:5      | Gained mutation: Your flesh is cold resistant. (rC+) [White
                  | Draconian growth]
  5731 | D:5      | Killed Pikel
  5732 | D:5      | Reached skill level 6 in Fighting
  5732 | D:5      | Reached skill level 1 in Evocations
  5732 | D:5      | Reached XP level 8. HP: 17/70 MP: 11/13
  6154 | D:5      | Noticed Eustachio
  6869 | D:6      | Noticed Edmund
  6878 | D:6      | Killed Edmund
  6932 | D:6      | HP: 2/70 [ogre/+0 giant club (14)]
  6934 | D:6      | Slain by a centaur

Illustrated notes

Levels and vault maps discovered:
D:1:      lordsloth_arrival_two_stooges, layout_basic
D:2:      minmay_skewed_foursquare, layout_rooms
D:3:      layout_loops_ring, hellmonk_ecumenical_altar_zigzags, uniq_jessica,
          uniq_terence, uniq_crazy_yiuf_cottage, uniq_pargi
D:4:      cheibrodos_fertilizer, layout_cave_pools
D:5:      kennysheep_spiral_hall, layout_gridville, jmf_multi_god_temple2,
          grunt_ministairs_14, uniq_eustachio, uniq_pikel
D:6:      lemuel_castle_with_subvaults [lemuel_castle_interior_carwin_2],
          layout_basic, uniq_edmund

Skill      XL: |  1  2  3  4  5  6  7  8 |
---------------+-------------------------+-----
Dodging        | 2 3 4 |  4.0
Stealth        | 2 |  2.0
Fighting       | 1 2 4 6 |  6.0
Conjurations   | 2 3 4 |  4.5
Translocations | 2 4 |  4.0
Throwing       | 1 2 3 |  3.6
Hexes          | 1 2 |  2.0
Evocations     | 1 3 |  3.1
Spellcasting   | 4 |  4.3
Summonings     | |  1.0

Action                   |  1- 3 |  4- 6 |  7- 9 || total
-------------------------+-------+-------+-------++-------
Melee: Dagger            |    26 |       |       ||    26
       Tailslap          |     3 |     7 |    14 ||    24
       Morningstar       |       |    80 |    95 ||   175
       Punch             |       |       |     1 ||     1
 Fire: Hunting sling     |    29 |   115 |    21 ||   165
Throw: Stone             |     3 |       |       ||     3
       Dart              |       |     4 |    18 ||    22
 Cast: Magic Dart        |   105 |    17 |     3 ||   125
       Blink             |     1 |     1 |       ||     2
       Slow              |       |     3 |     1 ||     4
Evoke: Wand              |       |       |     2 ||     2
  Use: Scroll            |     6 |     8 |       ||    14
       Potion            |     1 |       |       ||     1
 Stab: Sleeping          |       |       |     1 ||     1
Armor: Skin              |     9 |    64 |    39 ||   112
Dodge: Dodged            |    44 |   136 |    87 ||   267

Table legend: (Time is in decaauts)
 A = Elapsed time spent in this place.
 B = Non-inter-level travel time spent in this place.
 C = Inter-level travel time spent in this place.
 D = Time resting spent in this place.
 E = Time spent auto-exploring this place.
 F = Levels seen in this place.
 G = Mean time per level.
                   A        B        C        D        E       F      G
               +--------+--------+--------+--------+--------+-----+--------+
         Total |   7088 |   6751 |    337 |    919 |   4617 |   6 | 1181.3 |
       Dungeon |   7088 |   6751 |    337 |    919 |   4617 |   6 | 1181.3 |
               +--------+--------+--------+--------+--------+-----+--------+

Top non-repeatable levels by time:
     D:3: 1570 daAuts
     D:5: 1478 daAuts
     D:1: 1463 daAuts
     D:2: 1069 daAuts
     D:4: 1065 daAuts
     D:6: 440 daAuts
